 Dungeon Crawl Stone Soup version 0.31-a0-1009-g454b1f1e0a (webtiles) character file.

Game seed: 7835519604625523551

30 Gynju the Trooper (level 3, -4/34 HPs)
             Began as a Minotaur Fighter on Nov 15, 2023.
             Constricted to death by Ijyb (5 damage)
             ... on level 3 of the Dungeon.
             The game lasted 00:00:56 (684 turns).

Gynju the Trooper (Minotaur Fighter)                 Turns: 684, Time: 00:00:56

Health: -4/34      AC:  6    Str: 22    XL:     3   Next: 3%
Magic:  2/2        EV:  6    Int:  5    God:
Gold:   53         SH:  4    Dex:  9    Spells: 2/2 levels left

rFire   . . .        a - +0 flail
rCold   . . .        c - +0 buckler
rNeg    . . .        b - +0 scale mail
rPois   .            (helmet restricted)
rElec   .            (no cloak)
rCorr   .            (no gloves)
SInv    .            (no boots)
Will    .....        (no amulet) Stlth
                     (no ring)
HPRegen 0.25/turn    (no ring)
MPRegen 0.08/turn

%: no passive effects
@: lethally poisoned (-4 -> -12), grasped by roots, constricted
A: horns 2, retaliatory headbutt
a: no special abilities


You were on level 3 of the Dungeon.
You visited 1 branch of the dungeon, and saw 4 of its levels.

You collected 53 gold pieces.

Inventory:

Hand Weapons
 a - a +0 flail (weapon)
Armour
 b - a +0 scale mail (worn)
 c - a +0 buckler (worn)
Scrolls
 e - 2 scrolls of identify {unknown}
Potions
 d - a potion of might


   Skills:
 + Level 4.4 Fighting
 + Level 3.5 Maces & Flails
 - Level 3.6 Armour
 - Level 3.6 Shields


You had 2 spell levels left.
You didn't know any spells.
Your spell library contained the following spells:

 Spells                   Type           Power      Damage    Failure   Level
 Sting                    Tmut/Pois      0%         1d3       86%         1
 Poisonous Vapours        Pois/Air       0%         N/A       95%         2
 Olgreb's Toxic Radiance  Pois           0%         N/A       100%        4


Dungeon Overview and Level Annotations

Branches:
Dungeon (4/15)
 Temple: D:4-7

Altars:

Shops:
D:3 (

Annotations:
D:3 Ijyb
D:4 Duvessa


Innate Abilities, Weirdness & Mutations

You have a pair of horns on your head.
You reflexively headbutt those who attack you in melee.


Message History

The grasping roots constrict you.
You escape the roots grasp.
Found a stone staircase leading down.
Ijyb zaps a wand.
The roots erupt in riotous growth!
The grasping roots grab you! The grasping roots constrict you.
There is an open door here.
You escape the roots grasp.
The endoplasm hits you. Ijyb hits you but does no damage.
You are poisoned.
You thump the endoplasm!
You kill the endoplasm!
You feel very sick. You block Ijyb's attack.
You feel sick.
Ijyb zaps a wand.
The roots erupt in riotous growth!
The grasping roots grab you!
Ijyb is unaffected.
The grasping roots constrict you.
You escape the roots grasp.
You feel sick.
Ijyb zaps a wand.
The roots erupt in riotous growth!
The grasping roots grab you!
Ijyb is unaffected.
The grasping roots constrict you.
You barely miss Ijyb.
You feel sick. Ijyb screams, "Me stronger than you!" You block Ijyb's attack.
The grasping roots constrict you.
You closely miss Ijyb.
You feel sick.
Ijyb hits you with a +2 dagger of venom.
You are lethally poisoned!
The grasping roots constrict you.
* * * LOW HITPOINT WARNING * * *
Ijyb hits you with a +2 dagger of venom.
* * * LOW HITPOINT WARNING * * *
The grasping roots constrict you.
* * * LOW HITPOINT WARNING * * *
The grasping roots release their grip on you.
You closely miss Ijyb. Your headbutt misses Ijyb.
* * * LOW HITPOINT WARNING * * *
You feel very sick.
Ijyb zaps a wand.
The roots erupt in riotous growth!
The grasping roots grab you!
Ijyb is unaffected.
The grasping roots constrict you.
You die...

........###.#
...........#
...........
#........#
+..>.....+
#........#
#........#
#..@.....#
#...g....#
#........#
#....#####
###'## #.#
#.# #.#
#.########


You could see Ijyb.

Vanquished Creatures
  2 bats
  6 endoplasms
  2 goblins (D:1)
  4 hobgoblins
  3 kobolds (D:1)
  2 quokkas
  4 ball pythons
  A frilled lizard (D:3)
24 creatures vanquished.

Notes
Turn   | Place    | Note
-------+----------+-------------------------------------------
     0 | D:1      | Gynju the Minotaur Fighter began the quest for the Orb.
     0 | D:1      | Reached XP level 1. HP: 19/19 MP: 0/0
   176 | D:1      | Reached skill level 4 in Fighting
   219 | D:1      | Reached XP level 2. HP: 27/27 MP: 1/1
   620 | D:2      | You fall into a shaft and drop 2 floors!
   622 | D:4      | Noticed Duvessa
   644 | D:3      | Found Jituono's Weapon Boutique.
   663 | D:3      | Reached XP level 3. HP: 33/34 MP: 2/2
   675 | D:3      | Noticed Ijyb
   684 | D:3      | HP: 1/34 [poisoned by Ijyb]
   684 | D:3      | Constricted to death by Ijyb

Illustrated notes

Levels and vault maps discovered:
D:1:      dpeg_arrival_line_fractal, layout_rooms, minmay_tree_intersection,
          chequers_serial_rivers_large_a, minmay_tetromino_o2
D:2:      cheibrodos_pilgrimage, layout_basic,
          chequers_ecumenical_altar_simple_redux, serial_shops,
          nicolae_shop_waterfront, kennysheep_big_empty_room
D:3:      layout_basic, serial_shops, shop,
          nicolae_shop_temple_entry_statues_fountains, nicolae_shop_crystal,
          gammafunk_ghost_smash, wad_orctagon, uniq_natasha, uniq_grinder,
          uniq_ijyb
D:4:      layout_basic, minmay_temple_entry_ruins, gup_sewer_entry_spiral,
          uniq_duvessa

Skill      XL: |  1 |
---------------+----+-----
Fighting       | 4 |  4.4
Maces & Flails | 3 |  3.5
Armour         | |  3.6
Shields        | |  3.6

Action                     || total
---------------------------++-------
  Melee: Flail             ||    46
         Headbutt          ||     8
 Armour: Scale mail        ||    27
  Dodge: Dodged            ||    21
  Block: Buckler           ||    10

Table legend: (Time is in decaauts)
 A = Elapsed time spent in this place.
 B = Non-inter-level travel time spent in this place.
 C = Inter-level travel time spent in this place.
 D = Time resting spent in this place.
 E = Time spent auto-exploring this place.
 F = Levels seen in this place.
 G = Mean time per level.
                   A        B        C        D        E       F      G
               +--------+--------+--------+--------+--------+-----+--------+
         Total |    708 |    678 |     30 |      0 |    532 |   4 |  177.0 |
       Dungeon |    708 |    678 |     30 |      0 |    532 |   4 |  177.0 |
               +--------+--------+--------+--------+--------+-----+--------+

Top non-repeatable levels by time:
     D:1: 599 daAuts
     D:2: 42 daAuts
     D:3: 41 daAuts
     D:4: 24 daAuts
